 Dungeon Crawl Stone Soup version 0.26-a0-639-g72c4674 (webtiles) character file.

Game seed: 10673907599262167342

2535 lyrin the Shield-Bearer (level 9, -5/72 HPs)
             Began as a Grey Draconian Summoner on Sept 20, 2020.
             Was a Believer of Fedhas.
             Slain by a swamp dragon (shapeshifter) (7 damage)
             ... on level 10 of the Dungeon.
             The game lasted 00:15:51 (10016 turns).

lyrin the Shield-Bearer (Grey Draconian Summoner)  Turns: 10016, Time: 00:15:52

Health: -5/72      AC: 15    Str: 13    XL:     9   Next: 30%
Magic:  12/12      EV: 11    Int: 24    God:    Fedhas [**....]
Gold:   418        SH: 14    Dex: 13    Spells: 11/12 levels left

rFire    . . .     SeeInvis .   A - +7 war axe of the Shallot {venom, +Fly Int+3}
rCold    . . .     Faith    .   j - +0 tower shield
rNeg     . . .     Spirit   .   (armour unavailable)
rPois    .         Reflect  .   (helmet restricted)
rElec    .         Harm     .   (no cloak)
rCorr    .         Rampage  .   x - +2 pair of gloves "Guepn" {Regen+ Int+6}
MR       .....                  (no boots)
Stlth    ++........             (no amulet)
HPRegen  0.62/turn              (no ring)
MPRegen  0.13/turn              (no ring)

@: lethally poisoned (-5 -> -10), lightly drained
A: walk through water, unfitting armour, unbreathing, cold-blooded, AC +12
a: Wall of Briars, Renounce Religion, Evoke Flight


You were on level 10 of the Dungeon.
You worshipped Fedhas.
Fedhas was pleased with you.
You visited 1 branch of the dungeon, and saw 9 of its levels.

You collected 418 gold pieces.

Inventory:

Hand Weapons
 e - a +1 vampiric short sword
 l - a +0 rapier
 u - the +3 hand crossbow "Byli" {flame, rElec rF+ rC-}
   (You found it on level 3 of the Dungeon)

   It causes projectiles fired from it to burn those they strike, causing extra
   injury to most foes and up to half again as much damage against particularly
   susceptible opponents.
   It protects you from fire.
   It makes you vulnerable to cold.
   It insulates you from electricity.
 A - the +7 war axe of the Shallot (weapon) {venom, +Fly Int+3}
   (You found it on level 6 of the Dungeon)

   It poisons the flesh of those it strikes.
   It affects your intelligence (+3).
   It lets you fly.
Missiles
 t - 37 poisoned darts (quivered)
 w - 62 bolts
Armour
 j - a +0 tower shield (worn)
 x - the +2 pair of gloves "Guepn" (worn) {Regen+ Int+6}
   (You found it on level 5 of the Dungeon)

   It affects your intelligence (+6).
   It increases your rate of regeneration.
Jewellery
 d - an uncursed ring of ice
 i - an uncursed ring of positive energy {unknown}
 o - an uncursed ring of protection from magic {unknown}
 r - an uncursed ring of protection from fire {unknown}
Scrolls
 b - 4 scrolls of amnesia
 c - 6 scrolls of identify
 f - 4 scrolls of teleportation
 g - 2 scrolls of fear {unknown}
 h - 6 scrolls of remove curse
 k - 3 scrolls of enchant weapon {unknown}
 m - a scroll of noise {unknown}
 p - a scroll of immolation {unknown}
 q - a scroll of fog {unknown}
 y - a scroll of magic mapping {unknown}
Potions
 a - 4 potions of stabbing
 n - 2 potions of lignification {unknown}
 s - a potion of curing
 v - a potion of haste
 z - a potion of ambrosia {unknown}
 B - a potion of heal wounds
 C - 2 potions of flight {unknown}


   Skills:
 + Level 4.6(4.4) Fighting
 - Level 3.1(2.9) Short Blades
 * Level 3.4(3.2) Axes
 - Level 2.0(1.8) Crossbows
 + Level 5.8(5.6) Dodging
 - Level 2.1(1.9) Stealth
 * Level 7.8(7.6) Shields
 - Level 2.2(2.0) Spellcasting
 - Level 4.4(4.2) Summonings


You had 11 spell levels left.
You knew the following spells:

 Your Spells              Type           Power        Failure   Level
a - Summon Small Mammal   Summ           ###.         19%         1

Your spell library contained the following spells:

 Spells                   Type           Power        Failure   Level
 Call Imp                 Summ           ###.....     28%         2
 Call Canine Familiar     Summ           ###.....     50%         3
 Beastly Appendage        Tmut           #.....       73%         1
 Freeze                   Ice            #...         73%         1
 Summon Guardian Golem    Hex/Summ       ##......     80%         3
 Wereblood                Tmut           #.......     86%         2
 Frozen Ramparts          Ice            #.....       97%         3
 Ozocubu's Armour         Ice            #.......     97%         3
 Spider Form              Tmut/Pois      #.........   97%         3
 Summon Ice Beast         Ice/Summ       ##......     99%         4
 Summon Lightning Spire   Summ/Air       ##......     99%         4
 Hailstorm                Conj/Ice       #.......     100%        4
 Ice Form                 Ice/Tmut       #.......     100%        4
 Blade Hands              Tmut           #.........   100%        5


Dungeon Overview and Level Annotations

Branches:
Dungeon (8/15)             Temple (0/1) D:6
   Lair: D:8-11

Altars:
Ashenzari
Fedhas
Gozag
Hepliaklqana
Vehumet
The Shining One

Annotations:
D:3 Gigglenaut's ghost, amateur DrWn


Innate Abilities, Weirdness & Mutations

You can walk through water.
Your dull iron-grey scales are very hard. (AC +12)
You cannot fit into any form of body armour.
You can survive without breathing.
You are cold-blooded and may be slowed by cold attacks.


Message History

You are more poisoned.
* * * LOW HITPOINT WARNING * * *
The adder hisses angrily.
You feel better.
You are engulfed in poison gas.
You are lethally poisoned!
* * * LOW HITPOINT WARNING * * *
x2 You feel sick.
* * * LOW HITPOINT WARNING * * *
You feel sick. The swamp dragon closely misses you.
The swamp dragon barely misses you.
The swamp dragon tramples you but does no damage.
You closely miss the swamp dragon.
The swamp dragon is moderately wounded.
* * * LOW HITPOINT WARNING * * *
You feel very sick.
The swamp dragon looks more healthy.
The swamp dragon bites you but does no damage.
The swamp dragon claws you!
You die...
Fedhas appreciates your contribution to the ecosystem.

...#.......+ ####.......#
###'##### #.°### ##○)°#
###+#### ###)# #......#
####.##### ####○.....#
#.....S.°###○°○○.....#
#.......°##@°##......#
######.........D.###......#
........[...°.#### #......#
######........# #......#
########## #......#
########


You could see a swamp dragon shaped shifter (catching breath).

Vanquished Creatures
  A komodo dragon (D:10)
  A hippogriff (D:8)
  2 sky beasts
  An ice beast (D:6)
  2 phantoms
  An ogre (D:6)
  2 centaurs
  3 bullfrogs
  A scorpion (D:6)
  12 wights
  2 hounds (D:5)
  2 orc priests (D:6)
  A bullfrog zombie (D:8)
  A jelly (D:7)
  2 iguanas
  3 orc wizards
  4 worker ants
  A hound skeleton (D:2)
  9 adders
  2 white imps
  An ufetubus (D:5)
  3 adder skeletons
  A worm (D:3)
  A dart slug (D:2)
  3 leopard geckos
  13 orcs
  4 giant cockroaches
  2 goblins (D:2)
  4 hobgoblins (D:2)
  7 jackals
  4 quokkas
  4 bats
  2 frilled lizards (D:2)
  7 kobolds
  A quokka skeleton (D:5)
  7 rats
117 creatures vanquished.

Vanquished Creatures (collateral kills)
  An ogre (D:3)
  A worker ant (D:3)
  3 adders
  A dart slug (D:1)
  2 giant cockroaches
  2 kobolds (D:1)
  A frilled lizard (D:1)
  2 rats (D:1)
13 creatures vanquished.

Grand Total: 130 creatures vanquished

Notes
Turn   | Place    | Note
-------+----------+-------------------------------------------
     0 | D:1      | lyrin the Draconian Summoner began the quest for the Orb.
     0 | D:1      | Reached XP level 1. HP: 14/14 MP: 3/3
   766 | D:1      | Reached XP level 2. HP: 19/20 MP: 1/5
  1310 | D:2      | Found a radiant altar of Vehumet.
  1466 | D:2      | Reached XP level 3. HP: 24/26 MP: 6/6
  1577 | D:2      | Reached skill level 1 in Short Blades
  2263 | D:3      | Found a transporter.
  2264 | D:3      | Noticed Gigglenaut's ghost (amateur DrWn)
  2265 | D:3      | Found a transporter.
  2265 | D:3      | Noticed an ogre
  2265 | D:3      | Noticed an ogre
  2388 | D:3      | HP: 1/27 [poisoned by a worker ant]
  2402 | D:3      | Reached XP level 4. HP: 20/34 MP: 3/7
  3377 | D:3      | Got a slimy hand crossbow
  3732 | D:3      | Killed an ogre
  3732 | D:3      | Reached skill level 1 in Fighting
  3739 | D:3      | Identified the cursed +3 hand crossbow "Byli" {flame, rElec
                  | rF+ rC-} (You found it on level 3 of the Dungeon)
  3991 | D:3      | Reached XP level 5. HP: 15/40 MP: 5/8
  4402 | D:4      | Noticed a phantom
  4425 | D:4      | Killed a phantom
  4425 | D:4      | Reached XP level 6. HP: 47/50 MP: 9/9
  4629 | D:4      | Found a shattered altar of Ashenzari.
  5294 | D:4      | Found a blossoming altar of Fedhas.
  5366 | D:4      | Became a worshipper of Fedhas Madash
  5445 | D:5      | Entered Level 5 of the Dungeon
  5497 | D:5      | Reached skill level 1 in Crossbows
  5497 | D:5      | Reached skill level 1 in Shields
  5769 | D:5      | Reached skill level 2 in Shields
  5779 | D:5      | Got a pair of fine gloves
  5790 | D:5      | Identified the +2 pair of gloves "Guepn" {Regen+ Int+6}
                  | (You found it on level 5 of the Dungeon)
  6058 | D:5      | Found a hazy altar of Hepliaklqana.
  6155 | D:5      | Your scales start taking on a dull iron-grey colour.
  6155 | D:5      | Reached XP level 7. HP: 48/56 MP: 10/10
  6155 | D:5      | Gained mutation: You can survive without breathing. [Grey
                  | Draconian growth]
  6545 | D:5      | Reached skill level 3 in Shields
  6994 | D:6      | Found a staircase to the Ecumenical Temple.
  7295 | D:5      | Reached skill level 4 in Shields
  7623 | D:6      | Reached XP level 8. HP: 57/63 MP: 11/11
  7684 | D:6      | Reached * piety under Fedhas
  7684 | D:6      | Reached skill level 5 in Shields
  7937 | D:6      | Reached skill level 5 in Dodging
  8065 | D:6      | Found a glowing golden altar of the Shining One.
  8613 | D:6      | Reached skill level 6 in Shields
  8635 | D:6      | Found an opulent altar of Gozag.
  9012 | D:6      | Got a fine war axe
  9013 | D:6      | Identified the +7 war axe of the Shallot {venom, +Fly
                  | Int+3} (You found it on level 6 of the Dungeon)
  9247 | D:7      | Reached skill level 7 in Shields
  9344 | D:7      | Reached skill level 1 in Axes
  9650 | D:7      | Reached ** piety under Fedhas
  9711 | D:7      | Found an opulent altar of Gozag.
  9795 | D:8      | Noticed a hippogriff
  9805 | D:8      | Reached XP level 9. HP: 43/72 MP: 12/12
  9839 | D:8      | You fall into a shaft and drop 2 floors!
  9839 | D:10     | Entered Level 10 of the Dungeon
  9982 | D:10     | Noticed a komodo dragon
  9982 | D:10     | Noticed an orb spider
  9990 | D:10     | Noticed a swamp dragon
  9990 | D:10     | a tarantella changed into a swamp dragon
  9999 | D:10     | Killed a komodo dragon
 10013 | D:10     | HP: 1/72 [swamp dragon (shapeshifter)/blast of poison (6)]
 10016 | D:10     | Slain by a swamp dragon (shapeshifter)

Illustrated notes

Levels and vault maps discovered:
D:1:      saegor_arrival_miasma, layout_basic, due_unseen_surprise
D:2:      layout_basic, nicolae_overflow_crystal_walls
D:3:      layout_basic, gammafunk_ghost_smash
D:4:      layout_rooms, fedhas_altar_4, ashenzari_conservatory_becter
D:5:      layout_cave_pods, old_standard_altar
D:6:      layout_basic, tso_metal_star, minmay_temple_entry_glass,
          grunt_gozag_breadcrumbs
D:7:      layout_basic, kennysheep_little_box
D:8:      layout_gridville, basic_altar, serial_shops, shop
D:10:     layout_roguey, minmay_radiant

Skill      XL: |  1  2  3  4  5  6  7  8  9 |
---------------+----------------------------+-----
Stealth        | 2 |  2.1
Dodging        | 2 3 4 5 |  5.8
Short Blades   | 1 2 3 |  3.1
Fighting       | 1 2 3 4 |  4.6
Crossbows      | 1 2 |  2.0
Shields        | 2 4 7 |  7.8
Axes           | 1 3 |  3.4
Spellcasting   | |  2.2
Summonings     | |  4.4

Action                   |  1- 3 |  4- 6 |  7- 9 || total
-------------------------+-------+-------+-------++-------
Melee: Whip              |    13 |       |       ||    13
       Tailslap          |     7 |    12 |    81 ||   100
       Short sword       |   114 |    92 |   509 ||   715
       Great mace        |       |    22 |       ||    22
       War axe           |       |       |    63 ||    63
 Fire: Hand crossbow     |       |    39 |       ||    39
 Cast: Summon Small Mamm |    29 |    21 |       ||    50
  Use: Potion            |     4 |     1 |     2 ||     7
       Scroll            |       |     4 |       ||     4
 Stab: Sleeping          |     1 |     2 |     1 ||     4
       Distracted        |     2 |       |       ||     2
Armor: Skin              |    59 |    55 |   246 ||   360
Dodge: Dodged            |   137 |    62 |   159 ||   358
Block: Tower shield      |       |    73 |   365 ||   438

Table legend: (Time is in decaauts)
 A = Elapsed time spent in this place.
 B = Non-inter-level travel time spent in this place.
 C = Inter-level travel time spent in this place.
 D = Time resting spent in this place.
 E = Time spent auto-exploring this place.
 F = Levels seen in this place.
 G = Mean time per level.
                   A        B        C        D        E       F      G
               +--------+--------+--------+--------+--------+-----+--------+
         Total |  10201 |   9695 |    506 |   2942 |   4298 |   9 | 1133.4 |
       Dungeon |  10201 |   9695 |    506 |   2942 |   4298 |   9 | 1133.4 |
               +--------+--------+--------+--------+--------+-----+--------+

Top non-repeatable levels by time:
     D:3: 2301 daAuts
     D:5: 1985 daAuts
     D:6: 1847 daAuts
     D:2: 1229 daAuts
     D:1: 1047 daAuts
     D:4: 961 daAuts
     D:7: 588 daAuts
    D:10: 190 daAuts
     D:8: 50 daAuts
